Unix NetHack Version 5.0.0-0 post-release - last build May  4 2026 22:22:43 (774f63e81ad911689b3a0859ea89b322d5daca8d,branch:main).

Game began 2026-05-08 11:49:50, ended 2026-05-08 12:02:30.

31245981910, neutral male human Priest

                                                              -------------
                    ---------                              ###............|
       -----        |....(..-###############################  |....<......|
       |...|        |.......|           ##---------------    #............|
       |...r##      |........############ |.............|    #-----------|-
       |..@| ##     -------.-           ##..............|    #           #
       |...|  #            #              |.............|    #
       ---.-  #            #              |.............|    #
          #   #         ####             #..............|    #
              #    -----.------   ###%####-.--|----------    #
              #    |..........|   #        `####             #
              #    |..........|   #          # ##            #
              ###  |..........|   #          #  ####         #
                #  |..........-####          ##    ###       #
                ###|..........|              -|------.------ #
                  #...........|              |....)..`......|#
                   ------------              |...............#
                                             |....^.........|
                                             ---------------

31245981910 the Acolyte      St:8 Dx:14 Co:15 In:10 Wi:17 Ch:11  Neutral
Dlvl:3  $:46 HP:0(28) Pw:38(38) AC:7  Xp:3 T:1901  Fainted  Deaf

Latest messages:
 You already found a monster.  Use 'm' prefix to force another search.
 You already found a monster.  Use 'm' prefix to force another search.
 You already found a monster.  Use 'm' prefix to force another search.
 You already found a monster.  Use 'm' prefix to force another search.
 You already found a monster.  Use 'm' prefix to force another search.
 You already found a monster.  Use 'm' prefix to force another search.
 You already found a monster.  Use 'm' prefix to force another search.
 You already found a monster.  Use 'm' prefix to force another search.
 You already found a monster.  Use 'm' prefix to force another search.
 You already found a monster.  Use 'm' prefix to force another search.
 You already found a monster.  Use 'm' prefix to force another search.
 You already found a monster.  Use 'm' prefix to force another search.
 You already found a monster.  Use 'm' prefix to force another search.
 You already found a monster.  Use 'm' prefix to force another search.
 You already found a monster.  Use 'm' prefix to force another search.
 You already found a monster.  Use 'm' prefix to force another search.
 You already found a monster.  Use 'm' prefix to force another search.
 You already found a monster.  Use 'm' prefix to force another search.
 You already found a monster.  Use 'm' prefix to force another search.
 You already found a monster.  Use 'm' prefix to force another search.
 You kill the newt!
 You see here a newt corpse.
 There is a newt corpse here; eat it? [ynq] (n) y
 This newt corpse tastes okay.
 You finish eating the newt corpse.
 You feel a mild buzz.
 You faint from lack of food.
 The giant rat bites!
 The giant rat bites!
 The giant rat bites!
 The giant rat bites!
 The giant rat bites!
 You regain consciousness.
 You faint from lack of food.
 The giant rat bites!
 The giant rat bites!
 The giant rat bites!
 The giant rat bites!
 The giant rat bites!
 The giant rat bites!
 The giant rat bites!
 The giant rat bites!
 The giant rat bites!
 The giant rat bites!
 You die...
 Do you want your possessions identified? [ynq] (y) y
 Do you want to see your attributes? [ynq] (y) y
 Do you want an account of creatures vanquished? [ynaq] (y) y
 Do you want to see your conduct and achievements? [ynq] (y) y
 Do you want to see the dungeon overview? [ynq] (y) y

Inventory:
 Coins    ('$')
  $ - 46 gold pieces
 Weapons  (')')
  m - a +0 dagger
  p - a +0 orcish dagger
  a - a blessed +1 mace (weapon in right hand)
 Armor    ('[')
  c - a +0 small shield (being worn)
  b - a +0 robe (being worn)
 Scrolls  ('?')
  l - a scroll of create monster
 Spellbooks  ('+')
  h - a spellbook of cure sickness
  g - a spellbook of light
 Potions  ('!')
  d - 4 potions of holy water
 Tools    ('(')
  i - a skeleton key

31245981910 the Priest's attributes:

Background:
 You were an Acolyte, a level 3 human Priest.
 You were neutral, nominally on a mission for Raijin
 who was opposed by Amaterasu Omikami (lawful) and Susanowo (chaotic).
 You were right-handed.
 You were in the Dungeons of Doom, on level 3.
 You entered the dungeon 1901 turns ago.
 You had 59 experience points, 21 more were needed to attain level 4.

Basics:
 You had 0 out of 28 hit points.
 You had all 38 energy points (spell power).
 Your armor class was 7.
 Your wallet contained 46 zorkmids.
 Autopickup was off.

Final Characteristics:
 Your strength was 8 (base:9, limit:18/100).
 Your dexterity was 14 (limit:18).
 Your constitution was 15 (limit:18).
 Your intelligence was 10 (limit:18).
 Your wisdom was 17 (limit:18).
 Your charisma was 11 (limit:18).

Final Status:
 You were deaf.
 You were fainted due to starvation.
 You were unencumbered.
 You were wielding a mace.
 You had basic skill with mace.

Final Attributes:
 You were devoutly aligned.
 You were guarded.
 Your spell casting was enhanced by wearing a robe.
 You are dead.

Miscellaneous:
 You didn't encounter any bones levels.
 Total elapsed playing time was 12 minutes and 38 seconds.

Major events:
 Turn
    1: 31245981910 the neutral human Priest entered the dungeon
 1256: attained the rank of Acolyte (level 3)
 1901: killed by a giant rat, while fainted from lack of food

Spells:
 Name                 Level Category     Fail Retention
 light                  1   clerical       0%  91%-100%
 cure sickness          3   healing       81%  76%-100%

Skills:
 Fighting Skills
   bare handed combat [Unskilled]
 Weapon Skills
   club               [Unskilled]
   mace               [Basic]
   morning star       [Unskilled]
   flail              [Unskilled]
   hammer             [Unskilled]
   quarterstaff       [Unskilled]
   polearms           [Unskilled]
   spear              [Unskilled]
   trident            [Unskilled]
   lance              [Unskilled]
   bow                [Unskilled]
   sling              [Unskilled]
   crossbow           [Unskilled]
   dart               [Unskilled]
   shuriken           [Unskilled]
   boomerang          [Unskilled]
   unicorn horn       [Unskilled]
 Spellcasting Skills
   healing spells     [Unskilled]
   divination spells  [Unskilled]
   clerical spells    [Basic]

Voluntary challenges:
 Character rerolling was not enabled.
 You were an atheist.
 You never genocided any monsters.
 You never polymorphed an object.
 You never changed form.
 You used no wishes.
Achievements:
 You entered a shop.
 You attained the rank of Acolyte.

 The Dungeons of Doom: levels 1 to 3
    Level 1:
       A fountain.
    Level 2:
       A weapon shop, a sink.
    Level 3: <- You were here.
       Final resting place for
          you, killed by a giant rat, while fainted from lack of food.


Vanquished creatures:
  a kitten
  2 orc zombies
  a hobbit
  a large kobold
  3 geckos
  3 goblins
 12 grid bugs
  2 lichens
  3 newts
28 creatures vanquished.

No species were genocided or became extinct.

Game over:
                       ----------
                      /          \
                     /    REST    \
                    /      IN      \
                   /     PEACE      \
                  /                  \
                  |   31245981910    |
                  |      46 Au       |
                  |   killed by a    |
                  |    giant rat     |
                  |                  |
                  |                  |
                  |       2026       |
                 *|     *  *  *      | *
        _________)/\\_//(\/(/\)/\//\/|_)_______

Goodbye 31245981910 the Priest...

You died in The Dungeons of Doom on dungeon level 3 with 378 points,
and 46 pieces of gold, after 1901 moves.
You were level 3 with a maximum of 28 hit points when you died.

